 Dungeon Crawl Stone Soup version 0.32-a0-411-g744942f433 (webtiles) character file.

Game seed: 14714924200000235259

3257 adelrune the Protected (level 9, -2/75 HPs)
             Began as an Armataur Fighter on Feb 20, 2024.
             Was a Priest of Trog.
             Slain by a hornet (8 damage)
             ... on level 8 of the Dungeon on Feb 21, 2024.
             The game lasted 00:12:44 (6566 turns).

adelrune the Protected (Armataur Fighter)           Turns: 6566, Time: 00:12:44

Health: -2/75      AC: 12    Str: 26    XL:     9   Next: 67%
Magic:  9/9        EV:  6    Int:  9    God:    Trog [***...]
Gold:   329        SH:  5    Dex:  9    Spells: 8/8 levels left

rFire   . . .        s - +2 whip (flame)
rCold   + . .        c - +0 buckler
rNeg    . . .        G - +0 chain mail
rPois   .            (no helmet)
rElec   .            y - +0 cloak
rCorr   .            q - +0 pair of gloves
SInv    .            (no barding)
Will    +....        (no amulet) Stlth
                     D - ring of willpower
HPRegen 0.32/turn    t - ring of protection from cold
MPRegen 0.11/turn

%: roll
@: lethally poisoned (-2 -> -4)
A: large, deformed body, tough skin 3, armoured tail, roll 2
a: Renounce Religion, Berserk, Trog's Hand


You were on level 8 of the Dungeon.
You worshipped Trog.
Trog was most pleased with you.
You visited 1 branch of the dungeon, and saw 8 of its levels.

You collected 329 gold pieces.

Inventory:

Hand Weapons
 a - a +0 flail
 s - a +2 whip of flaming (weapon)
Armour
 b - a +0 scale mail
 c - a +0 buckler (worn)
 q - a +0 pair of gloves (worn)
 y - a +0 cloak (worn)
 G - a +0 chain mail (worn)
Jewellery
 m - a +6 ring of dexterity
 t - a ring of protection from cold (right hand)
 D - a ring of willpower (left hand)
 F - a ring of fire
 H - a +6 ring of intelligence
Wands
 A - a wand of flame (31)
 J - a wand of mindburst (20)
Scrolls
 f - a scroll of vulnerability {unknown}
 j - 3 scrolls of silence {unknown}
 k - 3 scrolls of revelation {unknown}
 n - 3 scrolls of identify {unknown}
 o - 2 scrolls of immolation {unknown}
 p - 2 scrolls of enchant weapon {unknown}
 u - a scroll of acquirement {unknown}
 v - a scroll of torment {unknown}
 w - 3 scrolls of teleportation {unknown}
 x - 2 scrolls of enchant armour {unknown}
 B - 2 scrolls of butterflies {unknown}
 C - a scroll of poison {unknown}
 I - a scroll of noise {unknown}
Potions
 d - 3 potions of might
 e - a potion of attraction {unknown}
 g - 4 potions of heal wounds {unknown}
 h - 2 potions of lignification {unknown}
 i - 2 potions of haste {unknown}
 l - a potion of resistance {unknown}
 r - a potion of enlightenment {unknown}
 z - 2 potions of invisibility {unknown}
 E - 3 potions of curing {unknown}


   Skills:
 + Level 6.2 Fighting
 * Level 8.2 Maces & Flails
 + Level 8.2 Armour
 + Level 7.5 Shields


You had 8 spell levels left.
You didn't know any spells.
Your spell library was empty.

Dungeon Overview and Level Annotations

Branches:
Dungeon (8/15)             Temple (0/1) D:6            Lair (0/5) D:8

Altars:
Gozag
Ru
Trog
Vehumet

Annotations:
D:4 zenocrate's ghost, weakling VSDe
D:6 2 transporters, DeathSocks's ghost, weakling VSDe


Innate Abilities, Weirdness & Mutations

Armour fits poorly on your strangely shaped body.
You have extremely tough skin. (AC +3)
You have a long armoured tail.
You regenerate magic and health when rolling toward enemies. (Rampage Regen)


Message History

The hornet is almost dead.
You feel sick. The hornet stings you.
You are more poisoned.
You suddenly lose the ability to move!
You feel very sick. The hornet stings you.
* * * LOW HITPOINT WARNING * * *
You feel yourself slow down.
The hornet stings you but does no damage.
You feel very sick.
The hornet stings you but does no damage.
You feel sick.
The hornet stings you but does no damage.
The hornet stings you!
* * * LOW HITPOINT WARNING * * *
You shrug off the repeated paralysis!
You can move again.
Unknown command.
Unknown command.
You barely miss the hornet.
Your tail-slap misses the hornet.
The hornet is almost dead.
You feel yourself speed up.
You feel sick. The hornet barely misses you.
You hit the hornet but do no damage.
The hornet is almost dead.
You feel sick. The hornet barely misses you.
You closely miss the hornet.
The hornet is almost dead.
You feel sick. You block the hornet's attack.
You closely miss the hornet.
Your tail-slap misses the hornet.
The hornet is almost dead.
You feel sick.
The hornet stings you but does no damage.
You hit the hornet but do no damage.
The hornet is almost dead.
You feel sick. The hornet barely misses you.
You barely miss the hornet.
The hornet is almost dead.
The hornet stings you!
You die...

.######......######
.# #......# .#
#......# .# #......#
.# ###......########
.# #...............#
.# #...............#
.# #...............#
.# #...........@...#
.####............y..#
.##.'...............#
..#.#...............#
....#...............#
#.###...............#
.># #...............#
### #...............#
#........


You could see a hornet.

Vanquished Creatures
  Jeremiah (D:6)
  Grinder (D:6)
  5 yaks
  A wyvern (D:8)
  A sky beast (D:6)
  2 ogres
  A kobold brigand (D:8)
  A phantom (D:6)
  3 bullfrogs
  A scorpion (D:6)
  5 wights (D:6)
  5 killer bees (D:8)
  A howler monkey (D:5)
  2 bombardier beetles
  2 orc priests
  2 sleepcaps (D:7)
  Jessica (D:3)
  4 iguanas (D:5)
  Terence (D:3)
  Natasha (D:2)
  3 orc wizards
  3 gnolls (D:6)
  9 adders
  A shadow imp (D:8)
  A white imp (D:5)
  2 ufetubi (D:5)
  2 ribbon worms (D:2)
  3 dart slugs
  15 orcs
  8 endoplasms
  2 giant cockroaches
  7 goblins
  8 hobgoblins
  6 kobolds
  5 quokkas
  6 ball pythons
  4 bats
  A frilled lizard (D:2)
  4 rats
131 creatures vanquished.

Notes
Turn   | Place    | Note
-------+----------+-------------------------------------------
     0 | D:1      | adelrune the Armataur Fighter began the quest for the Orb.
     0 | D:1      | Reached XP level 1. HP: 18/18 MP: 1/1
    45 | D:1      | Found a faded altar of an unknown god.
    54 | D:1      | Prayed at the altar of an unknown god.
    54 | D:1      | Became a worshipper of Trog the Wrathful
    54 | D:1      | Reached * piety under Trog
    80 | D:1      | Reached XP level 2. HP: 25/25 MP: 2/2
   378 | D:1      | Reached XP level 3. HP: 30/30 MP: 3/3
   649 | D:2      | Found a bloodstained altar of Trog.
   795 | D:2      | Noticed Natasha
   799 | D:2      | Killed Natasha
   800 | D:2      | Reached XP level 4. HP: 29/38 MP: 4/4
   981 | D:2      | Reached ** piety under Trog
  1389 | D:3      | You fall into a shaft and drop 1 floor!
  1701 | D:4      | Found a sacrificial altar of Ru.
  1953 | D:3      | Noticed Terence
  1973 | D:4      | Found a runed translucent gate.
  1973 | D:4      | Found a runed translucent gate.
  1973 | D:4      | Noticed zenocrate's ghost (weakling VSDe)
  1973 | D:4      | Noticed a kobold brigand
  1974 | D:4      | Found a runed translucent gate.
  2165 | D:3      | Reached XP level 5. HP: 45/45 MP: 5/5
  2193 | D:3      | Killed Terence
  2266 | D:3      | Noticed Jessica
  2281 | D:3      | Killed Jessica
  3013 | D:5      | Entered Level 5 of the Dungeon
  3085 | D:5      | Noticed an ogre
  3089 | D:5      | Killed an ogre
  3090 | D:5      | Reached skill level 5 in Armour
  3090 | D:5      | Reached XP level 6. HP: 30/52 MP: 6/6
  3697 | D:5      | Gained mutation: You regenerate magic and health when
                  | rolling toward enemies. (Rampage Regen) [Armataur growth]
  3697 | D:5      | Reached XP level 7. HP: 49/59 MP: 7/7
  3918 | D:6      | Reached skill level 5 in Shields
  4015 | D:6      | Reached skill level 5 in Maces & Flails
  4163 | D:6      | Reached *** piety under Trog
  4173 | D:6      | Reached XP level 8. HP: 20/67 MP: 8/8
  4482 | D:6      | Noticed Grinder
  4508 | D:6      | Paralysed by Grinder for 3 turns
  4514 | D:6      | Killed Grinder
  4515 | D:6      | Reached skill level 5 in Fighting
  4643 | D:6      | Noticed Jeremiah
  4690 | D:6      | Killed Jeremiah
  4867 | D:6      | Found a staircase to the Ecumenical Temple.
  4880 | D:6      | Found a transporter.
  4882 | D:6      | Found a transporter.
  5013 | D:6      | Noticed DeathSocks's ghost (weakling VSDe)
  5502 | D:7      | Found an opulent altar of Gozag.
  5594 | D:7      | Reached XP level 9. HP: 74/74 MP: 9/9
  6199 | D:8      | Found a radiant altar of Vehumet.
  6488 | D:8      | Found a staircase to the Lair.
  6557 | D:8      | Paralysed by a hornet for 3 turns
  6566 | D:8      | Slain by a hornet

Illustrated notes

Levels and vault maps discovered:
D:1:      mrwooster_arrival_arrow, layout_loops_ring,
          ebering_ecumenical_altar_box
D:2:      layout_basic, basic_altar, uniq_natasha
D:3:      layout_rooms, uniq_jessica, uniq_terence
D:4:      layout_basic, nicolae_ru_path_of_blood, gammafunk_ghost_nasty_kobolds,
          kennysheep_generic_room_13
D:5:      layout_rooms, kennysheep_generic_room_2
D:6:      layout_basic, temple_pool_b, gammafunk_ghost_hive, uniq_grinder,
          uniq_jeremiah
D:7:      layout_basic, nicolae_gozag_cash_rules_everything_around_me
D:8:      layout_basic, vehumet_crystals, lair_entry_dummy, enter_bailey_7

Skill      XL: |  1  2  3  4  5  6  7  8  9 |
---------------+----------------------------+-----
Maces & Flails | 2 3 4 5 7 8 |  8.2
Armour         | 4 5 6 7 8 |  8.2
Fighting       | 3 4 5 6 |  6.2
Shields        | 4 5 6 7 |  7.5

Action                     |  1- 3 |  4- 6 |  7- 9 || total
---------------------------+-------+-------+-------++-------
  Melee: Flail             |    52 |    52 |       ||   104
         Tailslap          |     6 |    18 |    38 ||    62
         Whip              |       |   137 |   329 ||   466
 Invoke: Berserk           |       |     1 |     6 ||     7
    Use: Potion            |       |     1 |       ||     1
 Armour: Scale mail        |    31 |   124 |       ||   155
         Chain mail        |       |    13 |   266 ||   279
  Dodge: Dodged            |    17 |    56 |    80 ||   153
  Block: Buckler           |    21 |    43 |    62 ||   126

Table legend: (Time is in decaauts)
 A = Elapsed time spent in this place.
 B = Non-inter-level travel time spent in this place.
 C = Inter-level travel time spent in this place.
 D = Time resting spent in this place.
 E = Time spent auto-exploring this place.
 F = Levels seen in this place.
 G = Mean time per level.
                   A        B        C        D        E       F      G
               +--------+--------+--------+--------+--------+-----+--------+
         Total |   6600 |   6237 |    363 |   1356 |   3678 |   8 |  825.0 |
       Dungeon |   6600 |   6237 |    363 |   1356 |   3678 |   8 |  825.0 |
               +--------+--------+--------+--------+--------+-----+--------+

Top non-repeatable levels by time:
     D:6: 1262 daAuts
     D:5: 1011 daAuts
     D:4: 971 daAuts
     D:2: 800 daAuts
     D:7: 781 daAuts
     D:3: 661 daAuts
     D:1: 608 daAuts
     D:8: 504 daAuts
